 Dungeon Crawl Stone Soup version 0.22-a0-605-g9281fa2 (webtiles) character file.

86669 Amnesiac the Eclecticist (level 15, -7/54 HPs)
             Began as a Spriggan Transmuter on July 8, 2018.
             Was a High Priest of Sif Muna.
             Splashed by an oklob plant's acid (12 damage)
             ... while paralysed
             ... on level 5 of the Lair of Beasts.
             The game lasted 01:08:16 (32883 turns).

Amnesiac the Eclecticist (Spriggan Transmuter)     Turns: 32883, Time: 01:08:17

Health: -7/54      AC:  6    Str:  0 (4)  XL:     15   Next: 41%
Magic:  46/49      EV:  4    Int: 21 (22) God:    Sif Muna [*****.]
Gold:   1646       SH:  0    Dex: 20      Spells: 14/54 levels left

rFire    + . .     SeeInvis +   a - +2 dagger (drain)
rCold    . . .     Gourm    .   E - +2 buckler {reflect}
rNeg     . . .     Faith    .   M - +2 robe {Archmagi}
rPois    .         Spirit   .   (helmet restricted)
rElec    .         Reflect  +   n - +2 cloak of Inference {MP+9 Slay+5}
rCorr    .         Harm     .   (gloves unavailable)
MR       ++...                  (boots unavailable)
Stlth    ++++++....             O - amulet of magic regeneration
HPRegen  0.04/turn              c - ring of stealth
MPRegen  0.56/turn              A - ring of protection from fire

@: paralysed, slowed, lost strength, divine energy, very quick
A: very small, unfitting armour, horns 1, thin skeletal structure 1, see
invisible, clever 1, deformed body, deterioration 2, herbivore, speed 3, frail
2, screaming 1, slow metabolism 2, weak 1
a: Stop Divine Energy, Channel Magic, Forget Spell, Renounce Religion


You were on level 5 of the Lair of Beasts.
You worshipped Sif Muna.
Sif Muna was extremely pleased with you.
You were full.

You visited 6 branches of the dungeon, and saw 25 of its levels.
You also visited: Ice Cave.

You collected 2050 gold pieces.
You spent 404 gold pieces at shops.

Inventory:

Hand Weapons
 a - a +2 dagger of draining (weapon)
 b - a +1 dagger of venom
 j - a +0 mace of protection
 t - a +1 falchion of electrocution
Missiles
 h - 30 sling bullets
 o - 384 stones (quivered)
 J - 718 arrows
Armour
 n - the +2 cloak of Inference (worn) {MP+9 Slay+5}
   (You found it on level 11 of the Dungeon)

   It affects your accuracy and damage with ranged weapons and melee attacks
   (+5).
   It affects your magic capacity (+9).
 E - a +2 buckler of reflection (worn)
 L - a +2 robe of cold resistance
 M - a +2 robe of the Archmagi (worn)
 N - the +1 robe of Orchyasi {-Tele +Inv rF+ Str+4}
   (You bought it in a shop on level 2 of the Orcish Mines)

   It affects your strength (+4).
   It protects you from fire.
   It lets you turn invisible.
   It prevents most forms of teleportation.
Jewellery
 c - a ring of stealth (left hand)
 p - a +5 ring of strength
 A - a ring of protection from fire (right hand)
 O - an amulet of magic regeneration (around neck)
Wands
 q - a wand of enslavement (38)
 y - a wand of digging (32)
 B - a wand of random effects (48)
 C - a wand of clouds (8)
 D - a wand of paralysis (14)
 R - a wand of acid (9)
Scrolls
 d - 2 scrolls of fog {!r}
 e - 4 scrolls of teleportation {!r}
 l - 6 scrolls of magic mapping {!r}
 r - 5 scrolls of enchant weapon {!r}
 u - 13 scrolls of remove curse {!r}
 x - 3 scrolls of amnesia {!r}
 z - a scroll of identify {!r}
 H - 7 scrolls of enchant armour {!r}
 K - a scroll of summoning {!r}
 P - a scroll of brand weapon {!r}
 S - a scroll of silence {!r}
 U - a scroll of fear {!r}
Potions
 f - 2 potions of berserk rage {!q}
 g - a potion of invisibility {!q, unknown}
 i - 10 potions of curing {!q}
 k - 2 potions of haste {!q}
 m - 3 potions of agility {!q}
 s - a potion of might {!q}
 v - a potion of lignification {!q}
 w - a potion of resistance {!q}
 F - 3 potions of brilliance {!q}
 G - 2 potions of magic {!q}
 T - a potion of flight {!q}
Comestibles
 Q - 7 rations


   Skills:
 - Level 3.3 Fighting
 - Level 10.0 Short Blades
 - Level 9.0 Dodging
 - Level 10.0 Stealth
 - Level 7.2 Shields
 - Level 2.4 Unarmed Combat
 * Level 20.1 Spellcasting
 - Level 14.5 Transmutations
 - Level 8.0 Invocations


You had 14 spell levels left.
You knew the following spells:

 Your Spells              Type           Power        Failure   Level  Hunger
a - Irradiate             Conj/Tmut      ######....   3%          5    None
b - Sticks to Snakes      Tmut           #######.     0%          2    None
c - Passwall              Tmut/Erth      ######..     1%          2    None
d - Yara's Violent Unrav  Hex/Tmut       ######....   3%          5    None
e - Petrify               Tmut/Erth      ######..     1%          4    None
f - Beastly Appendage     Tmut           ######       0%          1    None
g - Summon Lightning Spi  Summ/Air       ####....     22%         4    None
h - Mephitic Cloud        Conj/Pois/Air  ####....     7%          3    None
i - Statue Form           Tmut/Erth      ######...    19%         6    ####...
r - Regeneration          Chrm/Necr      ####......   7%          3    None
s - Conjure Flame         Conj/Fire      ####....     7%          3    None
v - Blink                 Tloc           N/A          3%          2    None

Your spell library contained the following spells:

 Spells                   Type           Power        Failure   Level  Hunger
 Magic Dart               Conj           ####         2%          1    None
 Fireball                 Conj/Fire      ####......   54%         5    None
 Apportation              Tloc           ####..       2%          1    None
 Slow                     Hex            ####....     3%          2    None
 Confuse                  Hex            ####....     7%          3    None
 Throw Flame              Conj/Fire      ####..       3%          2    None
 Throw Frost              Conj/Ice       ####..       3%          2    None
 Summon Small Mammal      Summ           ####         2%          1    None
 Summon Horrible Things   Summ           ####......   100%        8    #######
 Animate Dead             Necr           N/A          22%         4    None
 Pain                     Necr           ####         2%          1    None
 Animate Skeleton         Necr           N/A          2%          1    None
 Vampiric Draining        Necr           ####......   7%          3    None
 Haunt                    Necr/Summ      ####......   100%        7    #####..
 Sticky Flame             Conj/Fire      ####....     22%         4    None
 Summon Ice Beast         Ice/Summ       ####....     22%         4    None
 Call Imp                 Summ           ####....     3%          2    None
 Tukima's Dance           Hex            ####....     7%          3    None
 Summon Greater Demon     Summ           ####......   100%        7    #####..
 Spider Form              Tmut/Pois      ######....   1%          3    None
 Blade Hands              Tmut           #######...   1%          5    None
 Ice Form                 Ice/Tmut       ######..     1%          4    None
 Dragon Form              Tmut           #######...   4%          7    #####..
 Necromutation            Tmut/Necr      ######....   100%        8    #######
 Confusing Touch          Hex            ####..       2%          1    None
 Flame Tongue             Conj/Fire      ####.        2%          1    None
 Call Canine Familiar     Summ           ####....     7%          3    None
 Ensorcelled Hibernation  Hex/Ice        ####..       3%          2    None
 Corona                   Hex            ####...      2%          1    None
 Simulacrum               Ice/Necr       ####......   98%         6    ####...
 Inner Flame              Hex/Fire       ####....     7%          3    None
 Aura of Abjuration       Summ           ####......   54%         5    None
 Iskenderun's Battlesphe  Conj/Chrm      ####....     54%         5    None
 Dazzling Spray           Conj/Hex       ####..       7%          3    None
 Summon Forest            Summ/Tloc      ####......   54%         5    None
 Summon Guardian Golem    Hex/Summ       ####....     7%          3    None
 Spellforged Servitor     Conj/Summ      ####......   100%        7    #####..
 Hydra Form               Tmut           #######...   1%          6    ####...


Dungeon Overview and Level Annotations

Branches:
Dungeon (15/15)            Temple (1/1) D:4            Lair (5/6) D:8
  Swamp (1/4) Lair:3        Snake (0/4) Lair:3          Orc (2/2) D:10
    Elf (1/3) Orc:2        Vaults (0/5) D:13         Depths (0/5) D:15
  Slime: Lair:5-6

Altars:
Ashenzari
Cheibriados
Dithmenos
Elyvilon
Fedhas
Gozag
Hepliaklqana
Kikubaaqudgha
Makhleb
Nemelex Xobeh
Okawaru
Qazlal
Ru
Sif Muna
Trog
Uskayaw
Vehumet
Wu Jian
Xom
Yredelemnul
Zin
The Shining One
Lugonu

Shops:
D:10 [   Orc:2 ?[?:

Portals:
Pandemonium: Orc:2

Annotations:
Lair:5 exclusion: 4 oklob plants


Innate Abilities, Weirdness & Mutations

You are very small and have problems with some larger weapons.
You are too small for most types of armour.
You have supernaturally acute eyesight. (SInv)
You are a herbivore.
You cover ground extremely quickly.
You need to consume almost no food.
You have a pair of small horns on your head.
You have a somewhat thin skeletal structure. (Dex +2, Stealth)
Your mind is acute. (Int +2)
Armour fits poorly on your strangely shaped body.
Your body often deteriorates upon taking damage.
You are very frail. (-20% HP)
You occasionally shout uncontrollably at your foes.
You are weak. (Str -2)


Message History

The rime drake is moderately wounded.
The komodo dragon twists and deforms.
The unravelling engulfs the komodo dragon.
The komodo dragon is severely wounded.
Casting: Yara's Violent Unravelling (safe; 3% risk of failure)
Confirm with . or Enter, or press ? or * to list all spells.
Aiming: Yara's Violent Unravelling (safe; 3% risk of failure)
Press: ? - help, Shift-Dir - straight line, f/p - rime drake
Aim: a rime drake (moderately wounded, petrified, catching its breath, misshapen and mutated)
You feel a surge of power!
The rime drake's magical effects unravel!
The enchantments explode!
The rime drake twists and deforms.
The unravelling engulfs the rime drake.
You kill the rime drake!
Sif Muna accepts your kill.
The komodo dragon twists and deforms.
The unravelling engulfs the komodo dragon.
You kill the komodo dragon!
Sif Muna accepts your kill.
Unknown command.
You start resting.
Magic restored.
You start resting.
Magic restored.
Really walk into a travel-excluded area?
Found 22 gold pieces.
Marking area around the oklob plant as unsafe for travelling.
An oklob plant comes into view.
Found 15 gold pieces and a curved glowing staff.
Marking area around the oklob plant as unsafe for travelling.
Marking area around the oklob plant as unsafe for travelling. 2 oklob plants come into view.
Found 6 javelins.
Unknown command.
Casting: Yara's Violent Unravelling (safe; 3% risk of failure)
Confirm with . or Enter, or press ? or * to list all spells.
Aiming: Petrify (safe; 1% risk of failure)
Press: ? - help, Shift-Dir - straight line, f - oklob plant
Aim: an oklob plant (hasn't noticed you, chance to defeat MR: 65%)
You feel a surge of power!
Your line of fire to the oklob plant is blocked by a plant.
Continue anyway?
Okay, then.
Casting: Petrify (safe; 1% risk of failure)
Confirm with . or Enter, or press ? or * to list all spells.
Aiming: Petrify (safe; 1% risk of failure)
Press: ? - help, Shift-Dir - straight line, f - oklob plant, p - oklob plant
Aim: an oklob plant (hasn't noticed you, chance to defeat MR: 65%)
You feel a surge of power!
The oklob plant is moving more slowly.
The oklob plant spits acid at you. The splash of acid hits you!
Your body deteriorates!
You feel dopey.
You are splashed with acid!
The acid burns!
Your body deteriorates!
You feel weakened. The oklob plant spits acid at you.
The splash of acid hits you!
* * * LOW HITPOINT WARNING * * *
You are splashed with acid!
The acid burns!
* * * LOW HITPOINT WARNING * * *
Your body deteriorates!
You feel weakened.
You have lost your strength.
The oklob plant spits acid at you. The splash of acid hits you!
* * * LOW HITPOINT WARNING * * *
You are splashed with acid!
The acid burns!
You die...

.≈≈≈≈...................
.≈≈≈≈...................
.≈≈.≈..P........#...#..#
......P#.........#..#...
........................
........................
........................
######..................
...$.P.@................
.$$.....................
P.$.$P......##.P.....)..
(|.$$P...#.###.........P
PP.P.P..####..#.......PP
########.## #...........
#.#...P## #...........
##.....# ###...P.....
#P....# #..........


You could see 4 oklob plants.

Vanquished Creatures
  A vault guard (D:13)
  An ogre mage (D:15)
  2 hydras
  9 centaur warriors
  10 two-headed ogres
  A tengu warrior (D:15)
  3 death yaks (Lair:4)
  A deep elf knight (D:11)
  A skeletal warrior (D:13)
  5 orc high priests (Orc:2)
  A soul eater (Orc:2)
  3 unseen horrors
  A wizard (D:15)
  A deep elf archer (D:11)
  3 infernal demonspawn (Orc:2)
  5 orc knights (Orc:2)
  Pikel (D:5)
  A phantasmal warrior (D:14)
  10 orc sorcerers
  6 deep elf magi
  3 manticores
  3 ugly things
  An oklob plant (Lair:5)
  2 cyclopes (D:15)
  A moth of wrath (Lair:5)
  4 elephants (Lair:5)
  A naga mage (D:15)
  2 rust devils (Orc:2)
  5 black mambas
  3 gargoyles
  10 spiny frogs
  4 rime drakes
  A centaur skeleton (D:11)
  4 torpor snails
  A kobold demonologist (D:14)
  8 komodo dragons
  A hellwing (Orc:2)
  A tengu conjurer (D:15)
  A red devil (Orc:2)
  6 trolls
  9 tyrant leeches (Lair:5)
  8 hippogriffs
  A bog body (Swamp:1)
  7 slime creatures
  2 dream sheep (Lair:3)
  A shadow (D:12)
  Sigmund (D:2)
  3 wraiths
  4 wyverns
  25 yaks
  A vampire (D:12)
  Eustachio (D:6)
  A fire elemental (Lair:5)
  A basilisk (Lair:1)
  A chaos spawn (Orc:2)
  2 vampire mosquitoes (D:14)
  Edmund (D:6)
  6 hungry ghosts
  4 swamp worms (Lair:5)
  3 wargs (Orc:1)
  A soldier ant (D:13)
  2 acid dragons
  9 water moccasins
  2 nagas (Lair:3)
  9 porcupines
  2 black bears
  A slave (D:5)
  11 ice beasts
  3 phantoms
  3 sky beasts
  2 eyes of draining
  44 orc warriors
  5 necrophages (Lair:4)
  3 wolves (Lair:4)
  17 ogres
  9 centaurs
  12 crocodiles
  6 big kobolds
  19 bullfrogs
  A hornet simulacrum (D:15)
  2 wyvern skeletons
  3 scorpions
  A troll zombie (D:10)
  13 killer bees
  7 howler monkeys
  2 centaur zombies
  7 crimson imps
  3 bullfrog zombies
  A bullfrog skeleton (D:9)
  2 hounds
  3 jellies
  Crazy Yiuf (D:5)
  25 orc priests
  20 orc wizards
  4 iguanas
  13 worker ants
  5 ogre zombies (D:10)
  A hound zombie (D:5)
  2 hound skeletons
  6 gnolls
  10 adders
  7 shadow imps
  An adder zombie (D:9)
  A worm (D:3)
  3 dart slugs
  4 leopard geckos
  80 orcs
  8 bats
  4 giant cockroaches
  2 gnoll zombies (D:7)
  13 goblins
  10 hobgoblins
  5 jackals
  6 quokkas
  2 ball pythons
  7 frilled lizards
  2 goblin skeletons (D:10)
  2 goblin zombies (D:10)
  A hobgoblin skeleton (D:10)
  A hobgoblin zombie (D:10)
  33 kobolds
  2 orc skeletons (D:10)
  11 orc zombies (D:10)
  3 rats
  2 butterflies
712 creatures vanquished.

Vanquished Creatures (collateral kills)
  An orc warlord (D:11)
  A death knight (D:13)
  An elephant (Lair:5)
  A centaur skeleton (D:14)
  A hippogriff (D:9)
  2 yaks (D:9)
  A hungry ghost (D:14)
  2 water moccasins (D:9)
  3 orc warriors
  A black bear (D:9)
  2 ice beasts
  An ogre (D:11)
  A wyvern zombie (D:7)
  A bullfrog (D:7)
  A scorpion (D:4)
  A bullfrog zombie (D:9)
  A bullfrog skeleton (D:4)
  A hound (D:9)
  An orc priest (D:14)
  A statue (D:8)
  A killer bee zombie (D:9)
  Robin (D:3)
  A gnoll (D:3)
  2 adders (D:3)
  A worm (D:2)
  2 orcs (D:9)
  A giant cockroach (D:2)
  2 goblins (D:3)
  2 hobgoblins
  A jackal (D:4)
  A rat (D:1)
40 creatures vanquished.

Vanquished Creatures (others)
  An unseen horror (D:15)
  A slave (D:5)
  A howler monkey skeleton (D:5)
  3 orcs
  A kobold (D:13)
  A quokka skeleton (D:5)
  3 fungi
  8 plants
19 creatures vanquished.

Grand Total: 771 creatures vanquished

Notes
Turn   | Place    | Note
-------+----------+-------------------------------------------
     0 | D:1      | Amnesiac the Spriggan Transmuter began the quest for the Orb.
     0 | D:1      | Reached XP level 1. HP: 9/9 MP: 5/5
    60 | D:1      | Reached skill level 1 in Fighting
   121 | D:1      | Reached XP level 2. HP: 7/14 MP: 6/6
   175 | D:1      | Learned a level 2 spell: Sticks to Snakes
   192 | D:2      | Noticed Sigmund
   923 | D:2      | Reached XP level 3. HP: 9/18 MP: 6/8
  1059 | D:2      | Found a faded altar of an unknown god.
  1409 | D:2      | Reached skill level 5 in Dodging
  1749 | D:3      | Found a hazy altar of Hepliaklqana.
  1842 | D:3      | Gained mutation: You are dopey. (Int -2) [potion of mutation]
  1842 | D:3      | Gained mutation: Your body sometimes deteriorates upon taking damage. [potion of mutation]
  1842 | D:3      | Gained mutation: You have a somewhat thin skeletal structure. (Dex +2, Stealth) [potion of mutation]
  1842 | D:3      | Gained mutation: You have a pair of small horns on your head. [potion of mutation]
  1852 | D:3      | Reached XP level 4. HP: 14/23 MP: 6/9
  1968 | D:4      | Reached skill level 3 in Spellcasting
  2148 | D:4      | Reached XP level 5. HP: 15/26 MP: 8/11
  2398 | D:4      | Noticed an ogre
  2430 | D:3      | Found a shattered altar of Ashenzari.
  2430 | D:3      | Found a white marble altar of Elyvilon.
  2729 | D:3      | Found a stormy altar of Qazlal.
  2747 | D:3      | Reached XP level 6. HP: 30/32 MP: 10/12
  2772 | D:3      | Reached skill level 4 in Spellcasting
  3320 | D:3      | Noticed Robin
  3369 | D:3      | Killed Robin
  3690 | D:2      | Killed Sigmund
  3748 | D:2      | Reached XP level 7. HP: 36/36 MP: 14/14
  3757 | D:2      | Found an ornate altar of the Wu Jian Council.
  4083 | D:4      | Reached skill level 5 in Spellcasting
  4261 | D:4      | Found an iron altar of Okawaru.
  4277 | D:4      | Found a staircase to the Ecumenical Temple.
  4279 | D:4      | Found a glowing golden altar of the Shining One.
  4288 | Temple   | Entered the Ecumenical Temple
  4335 | Temple   | Became a worshipper of Sif Muna the Loreminder
  4494 | D:5      | Entered Level 5 of the Dungeon
  4522 | D:5      | Found a snail-covered altar of Cheibriados.
  4595 | D:5      | Noticed Pikel
  4614 | D:5      | Killed Pikel
  4614 | D:5      | Reached skill level 6 in Spellcasting
  4614 | D:5      | Reached skill level 5 in Transmutations
  4614 | D:5      | Reached XP level 8. HP: 40/40 MP: 15/19
  4662 | D:5      | Reached * piety under Sif Muna
  4662 | D:5      | Reached skill level 7 in Spellcasting
  5187 | D:5      | Reached skill level 8 in Spellcasting
  5342 | D:5      | Found a runed door.
  5584 | D:5      | Noticed Crazy Yiuf
  5607 | D:5      | Killed Crazy Yiuf
  5669 | D:6      | Found an opulent altar of Gozag.
  5725 | D:6      | Found a bloodstained altar of Trog.
  5727 | D:6      | Noticed Edmund
  5765 | D:6      | Killed Edmund
  6120 | D:6      | Found an iron altar of Okawaru.
  6133 | D:6      | Reached XP level 9. HP: 41/44 MP: 22/22
  6151 | D:6      | Reached ** piety under Sif Muna
  6177 | D:6      | Reached skill level 9 in Spellcasting
  6398 | D:6      | Noticed Eustachio
  6435 | D:6      | Killed Eustachio
  6959 | D:6      | Learned a level 3 spell: Regeneration
  7075 | D:7      | Found a burning altar of Makhleb.
  7170 | D:7      | Reached skill level 10 in Spellcasting
  7176 | D:7      | Reached skill level 10 in Transmutations
  7319 | D:7      | Reached *** piety under Sif Muna
  7784 | D:7      | Found a glowing golden altar of the Shining One.
  7936 | D:7      | Found a basalt altar of Yredelemnul.
  8232 | D:8      | Noticed a two-headed ogre
  8236 | D:7      | Reached skill level 11 in Spellcasting
  8630 | D:8      | Killed a two-headed ogre
  8630 | D:8      | Reached **** piety under Sif Muna
  8630 | D:8      | Reached XP level 10. HP: 49/49 MP: 26/26
  8661 | D:8      | Found a sacrificial altar of Ru.
  8760 | D:8      | Found a staircase to the Lair.
  8989 | D:8      | Found a radiant altar of Vehumet.
  9382 | D:9      | Reached skill level 12 in Spellcasting
  9391 | D:9      | HP: 2/49 [poisoned by a water moccasin]
  9399 | D:8      | HP: 2/49 [poisoned by a water moccasin]
 10076 | D:9      | Found a shimmering altar of Xom.
 10668 | D:9      | Reached ***** piety under Sif Muna
 10958 | D:9      | Found a bloodstained altar of Trog.
 11207 | D:9      | Reached skill level 13 in Spellcasting
 11352 | D:10     | Entered Level 10 of the Dungeon
 11434 | D:10     | Found Tuud's Armour Shoppe.
 11450 | D:10     | Identified Busm's Tome of Shape Shifting (Sif Muna gifted it to you on level 10 of the Dungeon)
 11450 | D:10     | Received a gift from Sif Muna
 11489 | D:10     | Learned a level 5 spell: Irradiate
 11494 | D:10     | Learned a level 4 spell: Petrify
 11497 | D:10     | Learned a level 2 spell: Passwall
 11510 | D:10     | Learned a level 5 spell: Yara's Violent Unravelling
 11540 | D:10     | Reached XP level 11. HP: 41/52 MP: 11/29
 11708 | D:10     | Noticed a deep elf mage
 11732 | D:10     | Killed a deep elf mage
 11883 | D:10     | Found a staircase to the Orcish Mines.
 12448 | D:10     | Reached skill level 14 in Spellcasting
 12756 | D:11     | Noticed a two-headed ogre
 12761 | D:11     | Noticed an unseen horror
 13214 | D:11     | Found an iron altar of Okawaru.
 13214 | D:11     | Noticed an orc warlord
 13275 | D:11     | Noticed a two-headed ogre
 13309 | D:11     | Killed a two-headed ogre
 13583 | D:11     | Noticed a deep elf archer
 13583 | D:11     | Noticed a centaur warrior
 13604 | D:11     | Killed a centaur warrior
 13604 | D:11     | Reached skill level 15 in Spellcasting
 13629 | D:11     | Noticed a centaur warrior
 13747 | D:11     | Killed a centaur warrior
 14027 | D:11     | Killed a deep elf archer
 14383 | D:12     | Noticed a red ugly thing
 14390 | D:12     | Killed a white ugly thing
 14491 | D:12     | Noticed a deep elf mage
 14499 | D:12     | Killed a deep elf mage
 14499 | D:12     | Reached skill level 5 in Invocations
 14501 | D:12     | Noticed a two-headed ogre
 14508 | D:12     | Killed a two-headed ogre
 14508 | D:12     | Reached XP level 12. HP: 45/56 MP: 14/32
 14599 | D:11     | Noticed a centaur warrior
 14690 | D:11     | Noticed a centaur warrior
 14706 | D:11     | Killed a centaur warrior
 14999 | D:11     | Killed a two-headed ogre
 15119 | D:11     | Identified Sif Muna's Catalogue of the Supportive Traveller (Sif Muna gifted it to you on level 11 of the Dungeon)
 15119 | D:11     | Received a gift from Sif Muna
 15598 | D:11     | Reached skill level 1 in Shields
 15747 | D:11     | Killed a centaur warrior
 15907 | D:11     | Noticed a centaur warrior
 15912 | D:11     | Killed a centaur warrior
 16099 | D:11     | Gained mutation: You are frail. (-10% HP) [mutagenic glow]
 16312 | D:11     | Killed an orc warlord
 16312 | D:11     | Reached skill level 5 in Shields
 16363 | D:11     | Got a faintly humming cloak
 16861 | D:11     | Identified the +2 cloak of Inference {MP+9 Slay+5} (You found it on level 11 of the Dungeon)
 17953 | D:13     | Noticed a centaur warrior
 17957 | D:13     | Killed a centaur warrior
 18536 | D:13     | Reached XP level 13. HP: 38/54 MP: 31/33
 19189 | D:13     | Found a gate to the Vaults.
 19383 | D:14     | Reached skill level 16 in Spellcasting
 19592 | D:13     | Learned a level 4 spell: Summon Lightning Spire
 19666 | D:13     | Reached skill level 1 in Stealth
 20121 | D:14     | Reached skill level 1 in Short Blades
 20121 | D:14     | Reached skill level 5 in Stealth
 21295 | D:15     | Entered Level 15 of the Dungeon
 21315 | D:15     | Reached skill level 5 in Short Blades
 21651 | D:15     | Lost mutation: You are frail. (-10% HP) [potion of mutation]
 21651 | D:15     | Lost mutation: You have a pair of small horns on your head. [potion of mutation]
 21651 | D:15     | Lost mutation: You are dopey. (Int -2) [potion of mutation]
 21651 | D:15     | Gained mutation: Your mind is acute. (Int +2) [potion of mutation]
 21798 | D:15     | Reached skill level 17 in Spellcasting
 22612 | D:15     | Identified Sif Muna's Almanac of Harmful Summoning (Sif Muna gifted it to you on level 15 of the Dungeon)
 22612 | D:15     | Received a gift from Sif Muna
 22763 | D:15     | Reached skill level 18 in Spellcasting
 22857 | D:15     | Found a staircase to the Depths.
 23096 | Orc:1    | Entered Level 1 of the Orcish Mines
 23125 | Orc:1    | Reached XP level 14. HP: 54/65 MP: 6/37
 23807 | Orc:2    | Entered Level 2 of the Orcish Mines
 24635 | Orc:2    | Found Qour's Magic Scroll Shoppe.
 24777 | Orc:2    | Found a staircase to the Elven Halls.
 24839 | Orc:2    | Found Utti's Magic Scroll Emporium.
 25005 | Orc:2    | Identified Sif Muna's Almanac of Dark Rituals (Sif Muna gifted it to you on level 2 of the Orcish Mines)
 25005 | Orc:2    | Received a gift from Sif Muna
 25223 | Orc:2    | Reached skill level 19 in Spellcasting
 25569 | Orc:2    | Bought a scroll of fog for 36 gold pieces
 26661 | Orc:2    | Reached skill level 20 in Spellcasting
 26716 | Orc:2    | Found Qocrazu's Book Boutique.
 26716 | Orc:2    | Found Jihes's Antique Armour Shop.
 26716 | Orc:2    | Found a one-way gate leading to the halls of Pandemonium.
 26722 | Orc:2    | Gained mutation: You have a pair of small horns on your head. [mutagenic glow]
 26725 | Orc:2    | Bought a book of Minor Magic for 260 gold pieces
 26738 | Orc:2    | Bought a wizard robe for 108 gold pieces
 26748 | Orc:2    | Identified the cursed +1 robe of Orchyasi {-Tele +Inv rF+ Str+4} (You bought it in a shop on level 2 of the Orcish Mines)
 27010 | Orc:2    | Learned a level 2 spell: Blink
 27014 | Orc:2    | Learned a level 3 spell: Mephitic Cloud
 27018 | Orc:2    | Learned a level 3 spell: Conjure Flame
 27112 | Elf:1    | Entered Level 1 of the Elven Halls
 27261 | Orc:2    | Gained mutation: You are weak. (Str -2) [mutagenic glow]
 27307 | Orc:2    | Gained mutation: You are frail. (-10% HP) [mutagenic glow]
 27553 | Lair:1   | Entered Level 1 of the Lair of Beasts
 27597 | Lair:1   | Gained mutation: You occasionally shout uncontrollably at your foes. [mutagenic glow]
 27682 | Lair:1   | Gained mutation: You are very frail. (-20% HP) [mutagenic glow]
 27882 | Lair:1   | Gained mutation: Armour fits poorly on your strangely shaped body. [mutagenic glow]
 27972 | Lair:1   | Gained mutation: Your body often deteriorates upon taking damage. [mutagenic glow]
 28066 | Lair:1   | Found a frozen archway.
 28093 | IceCv    | Entered an ice cave
 28104 | IceCv    | Found a transporter.
 28259 | IceCv    | Found a transporter.
 29389 | Lair:3   | Received a gift from Sif Muna
 29406 | Lair:3   | Learned a level 6 spell: Statue Form
 29487 | Lair:3   | Found a staircase to the Snake Pit.
 29907 | Lair:3   | Found a staircase to the Swamp.
 29918 | Lair:3   | Reached XP level 15. HP: 54/54 MP: 38/40
 30503 | Swamp:1  | Entered Level 1 of the Swamp
 32578 | Lair:5   | Reached skill level 10 in Stealth
 32755 | Lair:5   | Reached skill level 10 in Short Blades
 32882 | Lair:5   | Lost strength.
 32883 | Lair:5   | Splashed by an oklob plant's acid

Vault maps used:
D:1:      onia_arrival_mini_spirals
D:2:      lemuel_crystal_altar, chequers_ecumenical_altar_island, uniq_sigmund
D:3:      lemuel_crystal_altar, nicolae_overflow_crystal_walls,
          gammafunk_temple_overflow_elements, minmay_misc_feat_plants,
          uniq_robin
D:4:      overflow_temple_1_default, overflow_temple_1_default,
          minmay_temple_entry_trees
D:5:      cheibriados_altar_1, first_ration, uniq_crazy_yiuf_cottage, uniq_pikel
D:6:      nicolae_gozag_cash_rules_everything_around_me, basic_altar,
          okawaru_gym_becter, uniq_eustachio, uniq_edmund
D:7:      lemuel_zombie_altar_yredelemnul, old_standard_altar,
          nicolae_tso_carved_into_rock
D:8:      vehumet_statue, old_standard_altar, david_lair_shrubbed,
          grunt_ogre_cave
D:9:      overflow_temple_1_default, trog_ov_bears_minmay
D:10:     zombieorc1_lemuel, serial_shops, shop
D:11:     evilmike_iron_armoury
D:13:     david_vaults_5, grunt_ministairs_2
D:15:     grunt_enter_depths_magical_seal, grunt_decor_fettered,
          minmay_strange_pillars
Temple:   corrupted_temple
Lair:1:   portal_ice_cave_rime, serial_bayou_pond_b
Lair:3:   swamp_mist, guppyfry_snake_entry_island, grunt_megastairs_3,
          lemuel_fruit_fields
Lair:4:   roderic_carrion_pond
Lair:5:   dpeg_slime_entry_corner, worms_lemuel, lemuel_fruit_tree,
          minmay_lair_oklob_chamber, serial_bayou_shore_b,
          infiniplex_staircase_pool_2
Swamp:1:  evilmike_swamp_ruin_house_1, swamp_pool4, statue_in_the_mist_lemuel,
          infiniplex_staircase_pool
Orc:2:    pf_orc_diabolical, library_closet
Elf:1:    eino_elf_arrival_sip, serial_shops, shop, gammafunk_ghost_grave,
          orc_legates
IceCv:    ice_cave_statue_garden_transporter

Skill      XL: |  1  2  3  4  5  6  7  8  9 10 11 12 13 14 15 |
---------------+----------------------------------------------+-----
Fighting       | 1 2 3 |  3.3
Dodging        | 4 5 6 7 8 9 |  9.0
Spellcasting   | 3 4 6 8 11 13 15 18 20 | 20.1
Transmutations | 3 5 8 11 13 14 | 14.5
Invocations    | 5 8 |  8.0
Shields        | 6 7 |  7.2
Stealth        | 5 6 10 | 10.0
Short Blades   | 5 8 10 | 10.0
Unarmed Combat | |  2.4

Action                   |  1- 3 |  4- 6 |  7- 9 | 10-12 | 13-15 || total
-------------------------+-------+-------+-------+-------+-------++-------
Melee: Unarmed           |   142 |       |       |       |       ||   142
       Headbutt          |    13 |    24 |    62 |   119 |   111 ||   329
       Kick              |    16 |     2 |       |       |       ||    18
       Punch             |     1 |       |       |     1 |       ||     2
       Mace              |    12 |   106 |       |       |       ||   118
       Trident           |       |    28 |   458 |   554 |       ||  1040
       Falchion          |       |       |       |   121 |    46 ||   167
       Dagger            |       |       |       |       |   653 ||   653
 Cast: Beastly Appendage |    25 |     3 |       |       |       ||    28
       Sticks to Snakes  |     7 |    18 |    16 |    28 |     2 ||    71
       Irradiate         |       |       |       |    72 |   125 ||   197
       Petrify           |       |       |       |     5 |   149 ||   154
       Yara's Violent Un |       |       |       |     3 |    37 ||    40
       Summon Lightning  |       |       |       |       |     2 ||     2
       Statue Form       |       |       |       |       |     1 ||     1
Invok: Divine Energy     |       |       |     1 |       |       ||     1
  Use: Scroll            |     2 |     3 |     4 |     8 |     9 ||    26
       Potion            |     2 |       |       |     5 |     5 ||    12
 Stab: Sleeping          |     1 |     3 |    11 |    10 |    18 ||    43
       Distracted        |     1 |     1 |       |     5 |       ||     7
       Petrified         |       |       |       |    16 |    88 ||   104
       Petrifying        |       |       |       |     2 |    18 ||    20
  Eat: Ration            |       |     3 |     3 |    14 |    14 ||    34
Armor: Robe              |    12 |    19 |    26 |    38 |    34 ||   129
       Skin              |       |       |       |       |     8 ||     8
Dodge: Dodged            |   143 |   126 |   399 |   737 |   447 ||  1852
Block: Buckler           |       |       |       |    28 |   305 ||   333
       Reflection        |       |       |       |       |    19 ||    19
       Rpst.: Falchion   |       |       |       |    45 |    18 ||    63

Table legend:
 A = Spawn XP
 B = Non-spawn XP
 C = Spawn XP percentage of total XP
 D = Spawn monster count
 E = Non-spawn monster count
 F = Spawn count percentage of total count
 G = Total turns spent on level
                    A         B        C        D         E        F      G
               +---------+---------+-------+---------+---------+-------+---------
         Total |       0 |  123813 |   0.0 |       0 |     750 |   0.0 | 32883
               +---------+---------+-------+---------+---------+-------+---------
           D:1 |       0 |      34 |   0.0 |       0 |      19 |   0.0 |   906
           D:2 |       0 |     286 |   0.0 |       0 |      22 |   0.0 |   859
           D:3 |       0 |     237 |   0.0 |       0 |      39 |   0.0 |  1756
           D:4 |       0 |     473 |   0.0 |       0 |      16 |   0.0 |   910
           D:5 |       0 |    1382 |   0.0 |       0 |      24 |   0.0 |  1170
           D:6 |       0 |    1270 |   0.0 |       0 |      14 |   0.0 |  1361
           D:7 |       0 |    1775 |   0.0 |       0 |      43 |   0.0 |  1580
           D:8 |       0 |    2565 |   0.0 |       0 |      22 |   0.0 |  1591
           D:9 |       0 |    2326 |   0.0 |       0 |      36 |   0.0 |  1192
          D:10 |       0 |    4010 |   0.0 |       0 |      70 |   0.0 |  1706
          D:11 |       0 |   16286 |   0.0 |       0 |      54 |   0.0 |  3626
          D:12 |       0 |    4549 |   0.0 |       0 |      22 |   0.0 |  1413
          D:13 |       0 |    7248 |   0.0 |       0 |      42 |   0.0 |  2071
          D:14 |       0 |    7369 |   0.0 |       0 |      38 |   0.0 |  1303
          D:15 |       0 |   14194 |   0.0 |       0 |      28 |   0.0 |  1708
        Lair:1 |       0 |    6279 |   0.0 |       0 |      23 |   0.0 |   713
        Lair:2 |       0 |    2259 |   0.0 |       0 |      13 |   0.0 |   742
        Lair:3 |       0 |    5852 |   0.0 |       0 |      26 |   0.0 |  1559
        Lair:4 |       0 |    5544 |   0.0 |       0 |      19 |   0.0 |  1152
        Lair:5 |       0 |   11977 |   0.0 |       0 |      39 |   0.0 |   782
       Swamp:1 |       0 |    1236 |   0.0 |       0 |       2 |   0.0 |    18
         Orc:1 |       0 |    2707 |   0.0 |       0 |      35 |   0.0 |   997
         Orc:2 |       0 |   20294 |   0.0 |       0 |      93 |   0.0 |  3311
         Elf:1 |       0 |    2336 |   0.0 |       0 |       4 |   0.0 |    30
         IceCv |       0 |    1325 |   0.0 |       0 |       7 |   0.0 |   364
               +---------+---------+-------+---------+---------+-------+---------
